 Dungeon Crawl Stone Soup version 0.28-a0-258-g8de209e91f (webtiles) character file.

Game seed: 2183894692294737239

2551 dolemite99 the Geomancer (level 9, -1/52 HPs)
             Began as a Gargoyle Earth Elementalist on Aug 27, 2021.
             Was an Initiate of Vehumet.
             Slain by a death yak (20 damage)
             ... on level 8 of the Dungeon.
             The game lasted 00:13:29 (10358 turns).

dolemite99 the Geomancer (GrEE)                    Turns: 10358, Time: 00:13:29

Health: -1/52      AC: 13    Str: 18    XL:     9   Next: 56%
Magic:  12/17      EV: 11    Int: 17    God:    Vehumet [......]
Gold:   350        SH:  0    Dex: 10    Spells: 9/19 levels left

rFire   + + .      SeeInvis .   b - +2 shortbow (freeze)
rCold   . . .      Faith    .   (shield currently unavailable)
rNeg    + . .      Spirit   .   A - +2 leather armour of Bumias {rF+ Str+4}
rPois   ∞          Reflect  .   F - +0 helmet
rElec   +          Harm     .   p - +0 cloak
rCorr   .          Rampage  .   (no gloves)
Will    .....                   (no boots)
Stlth   ++........              (no amulet)
HPRegen 0.17/turn               n - ring of protection from fire
MPRegen 0.15/turn               (no ring)

@: no status effects
A: sickness immunity, AC +6, negative energy resistance 1, electricity
resistance, torment resistance 1, petrification resistance
a: Renounce Religion


You were on level 8 of the Dungeon.
You worshipped Vehumet.
Vehumet was noncommittal.
You visited 1 branch of the dungeon, and saw 8 of its levels.

You collected 350 gold pieces.

Inventory:

Hand Weapons
 a - a +3 vampiric spear
 b - a +2 shortbow of freezing (weapon)
 d - a +0 dagger
 e - a +0 short sword
 g - a +1 vampiric spear
 m - a +0 long sword
 w - a +0 lajatang
 y - a +0 whip
 D - a +1 shortbow of flaming
Missiles
 c - 43 sling bullets
 s - 161 stones
 u - 66 arrows (quivered ammo)
 H - 7 boomerangs
Armour
 k - +0 steam dragon scales
 o - a +2 helmet
 p - a +0 cloak (worn)
 A - the +2 leather armour of Bumias (worn) {rF+ Str+4}
   (You found it on level 5 of the Dungeon)

   Str:       It affects your strength (+4).
   rF:        It protects you from fire.
 F - a +0 helmet (worn)
Jewellery
 i - an amulet of guardian spirit
 n - a ring of protection from fire (left hand)
Wands
 f - a wand of iceblast (6)
 h - a wand of flame (12)
 G - a wand of mindburst (10)
Scrolls
 q - a scroll of teleportation
 B - a scroll of vulnerability
Potions
 j - a potion of might {unknown}
 l - 2 potions of flight
 r - a potion of lignification {unknown}
 t - a potion of heal wounds
 v - a potion of degeneration {unknown}
 x - a potion of invisibility {unknown}
 z - 4 potions of curing
 I - a potion of attraction {unknown}


   Skills:
 + Level 3.9 Fighting
 * Level 5.1 Polearms
 - Level 1.5 Dodging
 - Level 2.1 Stealth
 + Level 5.5 Spellcasting
 - Level 7.0 Conjurations
 - Level 0.7 Transmutations
 + Level 8.2 Earth Magic


You had 9 spell levels left.
You knew the following spells:

 Your Spells              Type           Power      Damage    Failure   Level
a - Sandblast             Erth           64%        2d14      1%          1
b - Stone Arrow           Conj/Erth      60%        3d10      1%          3
c - Passwall              Tmut/Erth      15%        N/A       3%          2
d - Fulminant Prism       Conj/Hex       8%         3d7       36%         4

Your spell library contained the following spells:

 Spells                   Type           Power      Damage    Failure   Level
 Petrify                  Tmut/Erth      19%        N/A       26%         4
 Inner Flame              Hex/Fire       4%         N/A       43%         3
 Irradiate                Conj/Tmut      8%         3d16      67%         5
 Discord                  Hex            2%         N/A       100%        8


Dungeon Overview and Level Annotations

Branches:
Dungeon (8/15)             Temple (0/1) D:7
   Lair: D:8-11

Altars:
Nemelex Xobeh
Qazlal
Uskayaw
Vehumet
The Shining One


Innate Abilities, Weirdness & Mutations

You are immune to sickness and miasma.
Your stone body is resilient. (AC +6)
You are immune to poison.
You resist negative energy. (rN+)
You are resistant to electric shocks. (rElec)
You are resistant to unholy torment.
You are immune to petrification.


Message History

The death yak is lightly wounded.
s - 165 stones
Casting: Sandblast (safe; 1% risk of failure)
Confirm with . or Enter, or press ? or * to list all spells.
Aiming: Sandblast (safe; 1% risk of failure)
Press: ? - help, Shift-Dir - straight line, f/p - death yak
Aim: a death yak (lightly wounded, 94% to hit)
The blast of sand hits the death yak!
The death yak is moderately wounded.
s - 164 stones The death yak gores you!
Casting: Sandblast (safe; 1% risk of failure)
Confirm with . or Enter, or press ? or * to list all spells.
Aiming: Sandblast (safe; 1% risk of failure)
Press: ? - help, Shift-Dir - straight line, f/p - death yak
Aim: a death yak (moderately wounded, 94% to hit)
The blast of sand hits the death yak but does no damage.
The death yak is moderately wounded.
s - 163 stones A killer bee zombie comes into view.
The death yak gores you!
Casting: Sandblast (safe; 1% risk of failure)
Confirm with . or Enter, or press ? or * to list all spells.
Aiming: Sandblast (safe; 1% risk of failure)
Press: ? - help, Shift-Dir - straight line, f/p - death yak
Aim: a death yak (moderately wounded, 94% to hit)
The blast of sand hits the death yak!
The death yak is moderately wounded.
s - 162 stones The death yak closely misses you.
Casting: Sandblast (safe; 1% risk of failure)
Confirm with . or Enter, or press ? or * to list all spells.
Aiming: Sandblast (safe; 1% risk of failure)
Press: ? - help, Shift-Dir - straight line, f/p - death yak
Aim: a death yak (moderately wounded, 94% to hit)
The blast of sand hits the death yak!
The death yak is heavily wounded.
s - 161 stones The death yak gores you!!
You die...

## #.
#.##
..# #
#.# #.
#<#
#.###.#
#.....#
###@###
#Y# #.#
#.# #Z#
#(# ...
.(. ...


You could see a death yak and a killer bee zombie.

Vanquished Creatures
  Grinder (D:3)
  Sigmund (D:3)
  Menkaure (D:4)
  A water moccasin (D:5)
  2 ice beasts (D:6)
  A necrophage (D:6)
  4 ogres
  3 phantoms
  2 centaurs
  A kobold brigand (D:7)
  A bullfrog (D:6)
  A scorpion (D:6)
  A water moccasin skeleton (D:5)
  A bullfrog zombie (D:6)
  Crazy Yiuf (D:3)
  2 hounds
  2 jellies
  A bullfrog skeleton (D:6)
  An orc priest (D:3)
  A gnoll shaman (D:5)
  Jessica (D:2)
  3 iguanas
  An orc wizard (D:3)
  Natasha (D:4)
  2 hound skeletons (D:4)
  A howler monkey zombie (D:7)
  7 gnolls
  A howler monkey skeleton (D:5)
  7 adders
  A shadow imp (D:5)
  3 white imps
  An ufetubus (D:4)
  A worm (D:5)
  4 dart slugs
  10 orcs
  10 ball pythons
  4 bats
  6 endoplasms
  4 giant cockroaches
  7 goblins
  7 hobgoblins
  5 jackals (D:5)
  3 quokkas
  A frilled lizard (D:3)
  13 kobolds
  6 rats
  A spectral kobold (D:3)
140 creatures vanquished.

Notes
Turn   | Place    | Note
-------+----------+-------------------------------------------
     0 | D:1      | dolemite99 the Gargoyle Earth Elementalist began the quest
                  | for the Orb.
     0 | D:1      | Reached XP level 1. HP: 10/10 MP: 3/3
   493 | D:1      | Reached skill level 4 in Earth Magic
   649 | D:1      | Reached XP level 2. HP: 15/15 MP: 3/5
  1088 | D:1      | Reached XP level 3. HP: 18/19 MP: 2/6
  1527 | D:2      | Reached skill level 5 in Earth Magic
  1790 | D:2      | Reached XP level 4. HP: 16/24 MP: 1/8
  2176 | D:2      | Learned a level 3 spell: Stone Arrow
  2291 | D:2      | Noticed Jessica
  2582 | D:2      | Killed Jessica
  2583 | D:2      | Reached skill level 1 in Conjurations
  2790 | D:3      | HP: 1/24 [orc priest/divine providence (11)]
  2797 | D:3      | Reached XP level 5. HP: 28/28 MP: 9/9
  2839 | D:3      | Found a faded altar of an unknown god.
  2978 | D:3      | Reached skill level 1 in Polearms
  3864 | D:3      | Found a runed translucent door.
  3865 | D:3      | Noticed Crazy Yiuf
  3897 | D:3      | Found a radiant altar of Vehumet.
  3909 | D:3      | Noticed Grinder
  3909 | D:3      | Noticed Sigmund
  3913 | D:3      | Killed Sigmund
  3914 | D:3      | Reached XP level 6. HP: 28/32 MP: 3/10
  3940 | D:3      | Paralysed by Grinder for 7 turns
  3967 | D:3      | Paralysed by Grinder for 2 turns
  3970 | D:3      | Killed Grinder
  3971 | D:3      | Reached XP level 7. HP: 36/36 MP: 1/11
  4465 | D:3      | Killed Crazy Yiuf
  4927 | D:4      | Found a hide-covered altar of Uskayaw.
  5437 | D:4      | Noticed Natasha
  5447 | D:4      | Killed Natasha
  5453 | D:4      | Learned a level 4 spell: Petrify
  5873 | D:4      | Noticed Menkaure
  5878 | D:4      | Killed Menkaure
  6079 | D:5      | Entered Level 5 of the Dungeon
  6088 | D:5      | Reached skill level 6 in Earth Magic
  6088 | D:5      | Reached XP level 8. HP: 25/41 MP: 9/13
  6307 | D:5      | Found a stormy altar of Qazlal.
  7030 | D:5      | Reached skill level 7 in Earth Magic
  7194 | D:5      | Identified the +2 leather armour of Bumias {rF+ Str+4}
  7201 | D:5      | Reached skill level 1 in Fighting
  7926 | D:3      | Became a worshipper of Vehumet
  8294 | D:5      | Learned a level 2 spell: Passwall
  8627 | D:6      | Reached XP level 9. HP: 49/49 MP: 6/16
  8634 | D:6      | Reached skill level 5 in Spellcasting
  9343 | D:6      | Found a glowing golden altar of the Shining One.
  9405 | D:6      | Reached skill level 8 in Earth Magic
  9799 | D:7      | Found a staircase to the Ecumenical Temple.
 10000 | D:7      | Reached skill level 5 in Polearms
 10018 | D:7      | Found a sparkling altar of Nemelex Xobeh.
 10300 | D:7      | Identified a scroll of acquirement
 10300 | D:7      | Acquired the Guide on Transmigration and Beguiling
 10311 | D:7      | Learned a level 4 spell: Fulminant Prism
 10347 | D:8      | Noticed a death yak
 10358 | D:8      | Slain by a death yak

Illustrated notes

Levels and vault maps discovered:
D:1:      evilmike_arrival_hilbert_curve, layout_basic, lemuel_another_geyser
D:2:      layout_basic, minmay_tall_x, uniq_jessica
D:3:      layout_loops_corners, amcnicky_altar_gilded,
          dreamdust_ecumenical_altar_drowned_temple, hangedman_glass_teeth,
          uniq_grinder, uniq_crazy_yiuf_cottage, uniq_sigmund
D:4:      layout_basic, lemuel_crystal_altar, uniq_menkaure, uniq_natasha
D:5:      minmay_recursive_quarters, layout_loops_corners,
          mainiacjoe_overflow_brackets
D:6:      layout_cave_pods, mainiacjoe_overflow_small_starburst
D:7:      layout_gridville, mainiacjoe_overflow_six_doors_small,
          minmay_temple_entry_statues_pillars
D:8:      layout_loops_ring, riverfiend_overflow_shadow_ancestor,
          dpeg_lair_monsters, skrybe_limestone_x, minmay_crossroads

Skill      XL: |  1  2  3  4  5  6  7  8  9 |
---------------+----------------------------+-----
Earth Magic    | 4 5 6 7 8 |  8.2
Conjurations   | 2 4 6 7 |  7.0
Polearms       | 1 3 5 |  5.1
Spellcasting   | 3 4 5 |  5.5
Fighting       | 2 3 |  3.9
Dodging        | |  1.5
Stealth        | |  2.1
Transmutations | |  0.7

Action                   |  1- 3 |  4- 6 |  7- 9 || total
-------------------------+-------+-------+-------++-------
Melee: Dagger            |     2 |       |       ||     2
       Long sword        |     5 |    68 |     8 ||    81
       Spear             |       |    59 |       ||    59
 Fire: Shortbow          |       |       |    47 ||    47
 Cast: Sandblast         |    35 |    10 |   118 ||   163
       Stone Arrow       |       |     8 |    22 ||    30
  Use: Potion            |       |     8 |       ||     8
       Scroll            |       |     7 |     6 ||    13
 Stab: Sleeping          |       |     2 |       ||     2
       Distracted        |       |     1 |       ||     1
Armor: Robe              |     1 |       |       ||     1
       Leather armour    |     2 |    64 |    31 ||    97
       Steam dragon scal |       |       |     4 ||     4
Dodge: Dodged            |    26 |    89 |    30 ||   145
       Rpst.: Long sword |     5 |    17 |     4 ||    26

Table legend: (Time is in decaauts)
 A = Elapsed time spent in this place.
 B = Non-inter-level travel time spent in this place.
 C = Inter-level travel time spent in this place.
 D = Time resting spent in this place.
 E = Time spent auto-exploring this place.
 F = Levels seen in this place.
 G = Mean time per level.
                   A        B        C        D        E       F      G
               +--------+--------+--------+--------+--------+-----+--------+
         Total |  10420 |  10026 |    394 |   2933 |   5456 |   8 | 1302.5 |
       Dungeon |  10420 |  10026 |    394 |   2933 |   5456 |   8 | 1302.5 |
               +--------+--------+--------+--------+--------+-----+--------+

Top non-repeatable levels by time:
     D:3: 2157 daAuts
     D:5: 1967 daAuts
     D:1: 1512 daAuts
     D:4: 1479 daAuts
     D:6: 1318 daAuts
     D:2: 1159 daAuts
     D:7: 808 daAuts
     D:8: 18 daAuts
